Map: Costas tropicales

Players

MrFercho - Winner!

  • Race: Zerg Zerg
  • Spawn Location: 0:00

TATORREA

  • Race: Terran Terran
  • Spawn Location: 5:00

VOD

Have the link to the VOD?

Description

Time

  • Played on: April 5, 2020, 4:19 p.m.
  • Length: 7:44
Show
View Real Time Build Order
Export as new Build Order

MrFercho Zerg - Winner!

Build Orders: Hatch First 

Get SALT Encoding   

  12  0:03  Drone  
  13  0:18  Overlord  
  13  0:19  Drone  
  14  0:38  Extractor  
  14  0:39  Drone x2  
  15  0:51  Drone x2  
  17  1:07  Drone  
  18  1:23  Drone  
  19  1:33  Drone  
  20  1:46  Drone x2  
  22  1:47  Hatchery  
  21  1:55  Spawning Pool  
  20  2:07  Overlord x2  
  20  2:08  Evolution Chamber  
  19  2:35  Zerg Melee Weapons Level 1  
  19  2:42  Zergling x4  
  19  2:43  Zergling x2  
  22  2:47  Metabolic Boost  
  22  3:09  Extractor  
  21  3:19  Zergling x2  
  22  3:20  Zergling x8  
  26  3:45  Drone x4  
  26  3:46  Drone  
  31  4:07  Drone  
  31  4:08  Drone x2  
  31  4:09  Drone  
  34  5:21  Zergling x10  
  35  5:22  Zergling x2  
Show
View Real Time Build Order
Export as new Build Order

TATORREA Terran 

Build Orders:  

Get SALT Encoding   

  12  0:04  SCV  
  13  0:16  SCV  
  14  0:28  SCV  
  15  0:34  Refinery  
  15  0:42  Supply Depot  
  15  1:02  Refinery  
  15  1:03  SCV  
  16  1:06  Supply Depot  
  16  1:15  SCV  
  17  1:30  Engineering Bay  
  17  1:45  Barracks  
  17  2:00  Missile Turret  
  17  2:26  Missile Turret  
  17  2:37  Factory  
  17  2:47  Hi-Sec Auto Tracking  
  17  2:56  SCV  
  18  3:08  SCV  
  19  3:13  Barracks Tech Lab  
  19  3:21  SCV  
  19  3:24  Ghost Academy  
  20  3:33  Missile Turret, SCV  
  21  3:35  Factory Tech Lab  
  21  3:40  Marine  
  22  3:44  Neosteel Armor  
  22  3:59  Reaper  
  23  4:12  Armory  
  23  4:22  Personal Cloaking  
  24  4:31  Marauder  
  25  4:52  Marine  
  22  5:03  Factory  
Tags
 
Add a new tag
Caveats
  • Supply blocks, unpowered buildings, or Contaminate may cause inaccurate times.
  • Supply counts are checked every 10 seconds.